 Dungeon Crawl Stone Soup version 0.30.1-3-gfc49f6343a (webtiles) character file.

Game seed: 11366762428250763748

7596 GeoRichter the Transmogrifier (level 11, -14/77 HPs)
             Began as an Octopode Venom Mage on July 20, 2023.
             Was a Follower of Lugonu.
             Demolished by a death yak (33 damage)
             ... on level 10 of the Dungeon.
             The game lasted 00:22:38 (10505 turns).

GeoRichter the Transmogrifier (OpVM)               Turns: 10505, Time: 00:22:39

Health: -14/77     AC:  4    Str:  8    XL:     11   Next: 17%
Magic:  22/32      EV: 18    Int: 28    God:    Lugonu [*.....]
Gold:   33         SH:  0    Dex: 12    Spells: 17/26 levels left

rFire   + . .        a - +3 Elemental Staff {rElec rF+ rC+ AC+3}
rCold   + . .        (no shield)
rNeg    . . .        (helmet restricted)
rPois   .            L - amulet of the acrobat
rElec   +            c - +5 ring of evasion
rCorr   .            l - +4 ring of slaying
SInv    .            p - ring of magical power
Will    .....        u - +6 ring of intelligence
Stlth   +++          J - ring of flight
HPRegen 0.32/turn    (no ring)
MPRegen 0.23/turn    (no ring)
                     (no ring)

%: acrobat
@: flying, very slightly contaminated
A: almost no armour, amphibious, 8 rings, camouflage 1, gelatinous body 1,
(nimble swimmer 1), tentacles
a: Renounce Religion, Depart the Abyss


You were on level 10 of the Dungeon.
You worshipped Lugonu.
Lugonu was aware of your devotion.
You visited 2 branches of the dungeon, and saw 11 of its levels.
You visited the Abyss 1 time.

You collected 1693 gold pieces.
You spent 1199 gold pieces at shops.
You paid 461 gold pieces to Gozag.

Inventory:

Hand Weapons
 a - the +3 Elemental Staff (weapon) {rElec rF+ rC+ AC+3}
   (You bought it in a shop on level 8 of the Dungeon)

   It enhances your fire, ice, earth and air magic.
   AC:        It affects your AC (+3).
   rF:        It protects you from fire.
   rC:        It protects you from cold.
   rElec:     It insulates you from electricity.
 i - a +2 hand axe of electrocution
   (You found it on level 1 of the Dungeon)
Magical Staves
 e - a staff of conjuration {!a}
   (You found it on level 1 of the Dungeon)
Jewellery
 c - a +5 ring of evasion (left tentacle)
   (You found it on level 1 of the Dungeon)
 l - a +4 ring of slaying (right tentacle)
   (You found it on level 2 of the Dungeon)
 p - a ring of magical power (on tentacle)
   (You found it on level 3 of the Dungeon)
 u - a +6 ring of intelligence (on tentacle)
   (You found it on level 4 of the Dungeon)
 J - a ring of flight (on tentacle)
   (You found it on level 10 of the Dungeon)
 L - an amulet of the acrobat (around mantle)
   (You found it on level 9 of the Dungeon)
Wands
 q - a wand of light (8)
   (You took it off Dowan on level 4 of the Dungeon)
 A - a wand of iceblast (13)
   (You found it on level 5 of the Dungeon)
 H - a wand of charming (7)
   (You found it on level 7 of the Dungeon)
 I - a wand of flame (16)
   (You took it off Joseph on level 8 of the Dungeon)
 K - a wand of mindburst (16)
   (You found it on level 8 of the Dungeon)
Scrolls
 b - a scroll of immolation {unknown}
 d - a scroll of poison {unknown}
 g - 3 scrolls of teleportation {@r4}
 j - 3 scrolls of vulnerability {!r}
 k - 2 scrolls of brand weapon
 r - 2 scrolls of silence
 t - 2 scrolls of noise {unknown}
 w - a scroll of enchant armour {unknown}
 y - a scroll of blinking {unknown}
 B - 2 scrolls of identify {@r1}
 D - 2 scrolls of magic mapping
 E - a scroll of acquirement {unknown}
Potions
 f - a potion of degeneration {unknown}
 h - a potion of resistance {unknown}
 m - a potion of berserk rage
 n - 5 potions of curing {@q1}
 o - 2 potions of mutation {!q}
 s - 2 potions of brilliance
 v - 2 potions of attraction {!q}
 x - 2 potions of flight
 z - 2 potions of might {unknown}
 C - 2 potions of invisibility {unknown}
 F - 2 potions of heal wounds {@q2}
 G - a potion of cancellation {unknown}
 M - 3 potions of magic


   Skills:
 - Level 8.0 Fighting
 - Level 2.0 Dodging
 - Level 2.6 Stealth
 * Level 2.9 Unarmed Combat
 - Level 8.0 Spellcasting
 - Level 10.0 Transmutations
 - Level 9.0 Poison Magic


You had 17 spell levels left.
You knew the following spells:

 Your Spells              Type           Power      Damage    Failure   Level
a - Sting                 Tmut/Pois      100%       1d8       1%          1
b - Olgreb's Toxic Radia  Pois           57%        N/A       1%          4
c - Ice Form              Ice/Tmut       56%        N/A       6%          4

Your spell library contained the following spells:

 Spells                   Type           Power      Damage    Failure   Level
 Poisonous Vapours        Pois/Air       100%       N/A       1%          2
 Cigotuvi's Dreadful Rot  Necr/Pois/Air  84%        N/A       2%          2
 Kiss of Death            Conj/Necr      44%        2d8       4%          1
 Slow                     Hex            44%        N/A       4%          1
 Mephitic Cloud           Conj/Pois/Air  42%        N/A       4%          3
 Blink                    Tloc           22%        N/A       8%          2
 Call Imp                 Summ           22%        N/A       8%          2
 Lesser Beckoning         Tloc           22%        N/A       8%          2
 Momentum Strike          Conj/Tloc      22%        3d8       8%          2
 Confusing Touch          Hex            11%        N/A       14%         3
 Dazzling Flash           Conj/Hex       22%        N/A       14%         3
 Hailstorm                Conj/Ice       16%        3d6       14%         3
 Vampiric Draining        Necr           11%        2d6       14%         3
 Yara's Violent Unravell  Hex/Tmut       19%        3d9       17%         5
 Summon Mana Viper        Hex/Summ       11%        N/A       80%         5
 Storm Form               Tmut/Air       28%        N/A       99%         7
 Simulacrum               Ice/Necr       8%         N/A       100%        6
 Summon Cactus Giant      Summ           5%         N/A       100%        6
 Borgnjor's Revivificati  Necr           5%         N/A       100%        8


Dungeon Overview and Level Annotations

Branches:
Dungeon (10/15) Zot: 26253  Temple (1/1) D:4 Zot: 5827
   Lair: D:8-11         Orc: D:9-12

Altars:
Ashenzari
Cheibriados
Dithmenos
Elyvilon
Fedhas
Gozag
Hepliaklqana
Kikubaaqudgha
Makhleb
Nemelex Xobeh
Okawaru
Qazlal
Ru
Sif Muna
Trog
Uskayaw
Vehumet
Wu Jian
Xom
Yredelemnul
Zin
The Shining One

Shops:
D:8 (

Annotations:
D:10 2 transporters


Innate Abilities, Weirdness & Mutations

You cannot wear most types of armour.
You are amphibious.
You can wear up to eight rings at the same time.
Your skin changes colour to match your surroundings (Stealth+).
Your rubbery body absorbs attacks. (AC +1, EV +1)
((You are camouflaged when in or above water. (Stealth+)))
You have tentacles for arms and can constrict up to eight enemies at once.


Message History

a +2 dagger of distortion {!w}; 4 curare-tipped darts {!f} You see here a +2 tower shield.
Found a staff of conjuration.
You see here a staff of conjuration {!a}.
A death yak comes into view.
Gozag incites the death yak against you.
The death yak goes berserk!
A death yak is nearby!
A death yak is nearby!
Casting: Ice Form (dangerous; 6% risk of failure)
Confirm with . or Enter, or press ? or * to list all spells.
You begin to radiate toxic energy.
The death yak is poisoned.
The death yak looks even sicker.
A death yak comes into view.
Gozag incites the death yak against you.
The death yak bellows!
The death yak goes berserk!
You hear a bellow!
Your toxic aura wanes.
You hear a deafening roar!
The death yak rages.
Casting: Olgreb's Toxic Radiance (dangerous; 1% risk of failure)
Confirm with . or Enter, or press ? or * to list all spells.
You begin to radiate toxic energy.
The death yak looks even sicker.
The death yak rages.
The death yak attacks as you move away! The death yak barely misses you.
The death yak looks as sick as possible!
The death yak looks as sick as possible!
The death yak completely misses you.
You hear a bellow!
The death yak looks as sick as possible!
Your toxic aura wanes.
Okay, then.
Casting: Olgreb's Toxic Radiance (dangerous; 1% risk of failure)
Confirm with . or Enter, or press ? or * to list all spells.
You feel a surge of power!
You miscast Ice Form.
You are very lightly contaminated with residual magic.
Nothing appears to happen.
The death yak gores you!! x2
* * * LOW HITPOINT WARNING * * *
You hear a bellow!
Okay, then.
Gozag petitions for your drink to fail. The death yak barely misses you.
Okay, then.
Okay, then.
Okay, then.
Okay, then.
Gozag petitions for your drink to fail. The death yak gores you!!
You die...

#...............##......#
####.............####.....##
#...............## ##.....#
...............## ##....##
.....#.....|...# ##.....#
..............## ##......#
.............## ##...)...#
############..####........#
##..Y@.........###
#..##.[......##..##
##.###........###..####
#..##........## ###..#.
#.####.......# #.... #..#
######### ##.... #.##
##..... .. ##...... ...
##.....##


You could see a death yak (berserk, incited, extremely poisoned).

Vanquished Creatures
  Sonja (D:10)
  Joseph (D:8)
  Maggie (D:6)
  An unseen horror (D:10)
  A troll (D:6)
  A hornet (D:7)
  Grinder (D:4)
  Eustachio (D:4)
  A wyvern (D:8)
  2 wraiths (D:10)
  5 yaks (D:9)
  2 vampire mosquitoes (D:10)
  Menkaure (D:6)
  A water moccasin (D:6)
  Duvessa (D:4)
  A sky beast (D:7)
  2 ice beasts
  A black bear (D:7)
  2 ogres
  2 orc warriors
  4 centaurs
  3 bullfrogs
  Blork the orc (D:6)
  2 gnoll sergeants
  2 scorpions
  5 wights (D:7)
  Dowan (D:4)
  10 killer bees
  3 howler monkeys (D:9)
  6 hounds
  7 orc priests
  2 jellies (D:6)
  Crazy Yiuf (D:4)
  An iguana (D:5)
  16 orc wizards
  3 sleepcaps
  5 adders
  7 gnolls
  A shadow imp (D:6)
  A white imp (D:6)
  4 ufetubi
  A worm (D:5)
  56 orcs
  7 ball pythons
  7 endoplasms
  10 hobgoblins
  8 jackals
  8 kobolds
  3 quokkas
  4 bats
  4 frilled lizards (D:1)
  3 goblins
  6 rats
231 creatures vanquished.

Notes
Turn   | Place    | Note
-------+----------+-------------------------------------------
     0 | D:1      | GeoRichter the Octopode Venom Mage began the quest for the
                  | Orb.
     0 | D:1      | Reached XP level 1. HP: 11/11 MP: 3/3
    60 | D:1      | Reached XP level 2. HP: 10/17 MP: 0/5
   542 | D:1      | Reached XP level 3. HP: 16/21 MP: 2/6
  1274 | D:2      | Reached skill level 5 in Poison Magic
  1622 | D:3      | Reached XP level 4. HP: 27/27 MP: 5/8
  1709 | D:3      | Learned a level 4 spell: Olgreb's Toxic Radiance
  2073 | D:3      | Found a snail-covered altar of Cheibriados.
  2734 | D:4      | Reached XP level 5. HP: 18/31 MP: 9/9
  2739 | D:4      | Noticed Duvessa
  2811 | D:4      | Found a staircase to the Ecumenical Temple.
  2819 | Temple   | Entered the Ecumenical Temple
  2981 | Temple   | Became a worshipper of Gozag Ym Sagoz the Greedy
  3025 | D:4      | Noticed Dowan
  3042 | D:4      | Killed Dowan
  3046 | D:4      | Killed Duvessa
  3047 | D:4      | Reached XP level 6. HP: 25/36 MP: 5/11
  3451 | D:4      | Got Qoklat's Secrets of Vile Beckoning
  3457 | D:4      | Found a broken altar of Ashenzari.
  3474 | D:4      | Noticed Eustachio
  3481 | D:4      | Killed Eustachio
  3482 | D:4      | Reached XP level 7. HP: 41/41 MP: 12/13
  3561 | D:4      | You fall into a shaft and drop 3 floors!
  3649 | D:7      | Found a stormy altar of Qazlal.
  3789 | D:6      | Noticed Menkaure
  3927 | D:5      | Entered Level 5 of the Dungeon
  3964 | D:4      | Found a burning altar of Makhleb.
  4007 | D:4      | Found a runed translucent door.
  4008 | D:4      | Noticed Crazy Yiuf
  4066 | D:4      | Noticed Grinder
  4087 | D:4      | Killed Grinder
  4088 | D:4      | Reached skill level 5 in Spellcasting
  4088 | D:4      | Reached XP level 8. HP: 50/51 MP: 15/16
  4503 | D:4      | Noticed a balrug
  4688 | D:4      | Killed Crazy Yiuf
  4799 | D:5      | Got the Lectures on the Weird Brume
  4896 | D:5      | Reached skill level 2 in Transmutations
  5183 | D:5      | Reached skill level 3 in Transmutations
  5541 | D:5      | Found a runed translucent door.
  5611 | D:5      | Reached skill level 4 in Transmutations
  5660 | D:5      | Reached XP level 9. HP: 52/57 MP: 18/18
  5882 | D:6      | Reached skill level 5 in Transmutations
  5943 | D:6      | Found a glowing golden altar of the Shining One.
  6223 | D:6      | Noticed Maggie
  6238 | D:6      | Killed Maggie
  6239 | D:6      | Reached skill level 6 in Transmutations
  6373 | D:6      | Noticed Blork the orc
  6381 | D:6      | Killed Blork the orc
  6605 | D:6      | Noticed a troll
  6616 | D:6      | Killed a troll
  6617 | D:6      | Reached skill level 7 in Transmutations
  7027 | D:6      | Killed Menkaure
  7035 | D:6      | Learned a level 4 spell: Ice Form
  7145 | D:7      | Noticed a hornet
  7304 | D:7      | Killed a hornet
  7305 | D:7      | Reached skill level 8 in Transmutations
  7305 | D:7      | Reached XP level 10. HP: 63/63 MP: 21/21
  8050 | D:8      | Noticed Joseph
  8067 | D:8      | Killed Joseph
  8068 | D:8      | Reached skill level 9 in Transmutations
  8287 | D:8      | Identified the +1 long sword "Ruff" {flame, Int+2}
  8537 | D:8      | Found a sparkling altar of Nemelex Xobeh.
  8837 | D:9      | Reached skill level 10 in Transmutations
  8907 | D:9      | Reached skill level 5 in Fighting
  8991 | D:9      | Found an iron altar of Okawaru.
  9032 | D:9      | Found a shadowy altar of Dithmenos.
  9592 | D:10     | Entered Level 10 of the Dungeon
  9693 | D:10     | Reached XP level 11. HP: 70/75 MP: 23/23
  9770 | D:8      | Bought the +3 Elemental Staff {rElec rF+ rC+ AC+3} for 1199
                  | gold pieces
  9770 | D:8      | Found the +3 Elemental Staff {rElec rF+ rC+ AC+3}
  9797 | D:10     | Found a transporter.
  9799 | D:10     | Noticed an orc knight
  9804 | D:10     | Noticed a tengu warrior
  9805 | D:10     | Noticed a yaktaur captain
  9805 | D:10     | Noticed a yaktaur captain
  9808 | D:10     | Found a transporter.
  9963 | D:10     | Reached skill level 1 in Unarmed Combat
 10109 | D:10     | Noticed Sonja
 10113 | Abyss:1  | Cast into level 1 of the Abyss (Sonja)
 10124 | Abyss:1  | Noticed a red draconian
 10144 | Abyss:1  | Found a corrupted altar of Lugonu.
 10144 | Abyss:1  | Noticed a large abomination
 10178 | Abyss:1  | Noticed a starflower
 10225 | Abyss:1  | Noticed a starcursed mass
 10242 | Abyss:1  | Noticed a wretched star
 10287 | Abyss:1  | Found a corrupted altar of Lugonu.
 10295 | Abyss:1  | Fell from the grace of Gozag
 10295 | Abyss:1  | Became a worshipper of Lugonu the Unformed
 10295 | Abyss:1  | Reached * piety under Lugonu
 10295 | Abyss:1  | Reached ** piety under Lugonu
 10296 | D:10     | Escaped the Abyss
 10299 | D:10     | Killed Sonja
 10494 | D:10     | Noticed a death yak
 10495 | D:10     | Noticed a death yak
 10505 | D:10     | Demolished by a death yak

Illustrated notes

Levels and vault maps discovered:
D:1:      wander_arrival_lonely_grave, layout_rooms
D:2:      layout_basic, minmay_misc_feat_cross
D:3:      layout_basic, mainiacjoe_overflow_six_doors_small,
          corexii_hall_statues_x
D:4:      layout_loops_ring, ashenzari_conservatory_becter,
          makhleb_altar_promises_db, minmay_temple_entry_nine_rooms,
          serial_rivers, chequers_serial_rivers_marsh,
          chequers_serial_rivers_marsh, chequers_serial_rivers_large_a,
          chequers_serial_rivers_large_b, uniq_crazy_yiuf_cottage, uniq_grinder,
          uniq_eustachio, uniq_duvessa
D:5:      layout_cave_pools, palyth_stone_intersect, lightli_church_of_beogh
D:6:      layout_cave_pods, old_standard_altar, uniq_blork_the_orc, uniq_maggie,
          uniq_menkaure
D:7:      layout_gridville, mainiacjoe_overflow_boulevard
D:8:      layout_cave_pools, nemelex_spade_bored_becter, uniq_joseph
D:9:      layout_roguey, nicolae_dithmenos_shadow_blocks,
          okawaru_metal_pillars_3, chequers_jeans
D:10:     gammafunk_sealed_arena, layout_cave_pods, dpeg_lair_monsters,
          serial_column_ruins, column_ruins_grid_1, column_ruins_open_small,
          column_ruins_open_small, column_ruins_open_small, column_ruins_grid_1,
          column_ruins_corridor_T, uniq_sonja
Temple:   eino_temple_water

Skill      XL: |  1  2  3  4  5  6  7  8  9 10 11 |
---------------+----------------------------------+-----
Poison Magic   | 4 5 7 8 9 |  9.0
Spellcasting   | 3 4 5 6 7 8 |  8.0
Fighting       | 2 3 7 8 |  8.0
Transmutations | 4 8 10 | 10.0
Unarmed Combat | 2 |  2.9
Dodging        | |  2.0
Stealth        | |  2.6

Action                     |  1- 3 |  4- 6 |  7- 9 | 10-12 || total
---------------------------+-------+-------+-------+-------++-------
  Melee: Unarmed           |    30 |       |    13 |    77 ||   120
         Tentacles         |     7 |     1 |    13 |     9 ||    30
         Constrict         |     9 |     3 |    10 |     9 ||    31
         Hand axe          |    11 |    13 |    50 |    24 ||    98
         Punch             |       |       |       |     1 ||     1
         Staff             |       |       |       |     5 ||     5
   Cast: Sting             |    65 |    47 |    35 |       ||   147
         Olgreb's Toxic Ra |       |     5 |    48 |    35 ||    88
         Ice Form          |       |       |     2 |    12 ||    14
 Invoke: Call Merchant     |       |       |       |     1 ||     1
         Depart the Abyss  |       |       |       |     1 ||     1
  Evoke: Wand              |       |       |     5 |    10 ||    15
    Use: Scroll            |     5 |     1 |     4 |     4 ||    14
   Stab: Sleeping          |     3 |       |       |     1 ||     4
         Invisible         |       |       |     2 |     1 ||     3
 Armour: Skin              |     5 |       |     5 |    24 ||    34
  Dodge: Dodged            |    37 |    27 |    61 |   113 ||   238
